 Dungeon Crawl Stone Soup version 0.31-a0-819-gf6de2f5ab6 (webtiles) character file.

Game seed: 17267679044636587059

16 qw the Shooter (level 2, -5/17 HPs)
             Began as a Gargoyle Hunter on Sept 23, 2023.
             Slain by a worm (6 damage)
             ... on level 2 of the Dungeon.
             The game lasted 00:00:11 (365 turns).

qw the Shooter (Gargoyle Hunter)                     Turns: 365, Time: 00:00:11

Health: -5/17      AC:  5    Str: 14    XL:     2   Next: 58%
Magic:  2/2        EV: 11    Int:  9    God:
Gold:   40         SH:  0    Dex: 13    Spells: 1/1 levels left

rFire   . . .        a - +0 shortbow
rCold   . . .        (shield currently unavailable)
rNeg    + . .        c - +0 leather armour
rPois   inf          (no helmet)
rElec   +            (no cloak)
rCorr   .            (no gloves)
SInv    .            (no boots)
Will    .....        (no amulet)
Stlth   +            (no ring)
HPRegen 0.22/turn    (no ring)
MPRegen 0.08/turn

%: no passive effects
@: no status effects
A: sickness immunity, AC +2, negative energy resistance 1, electricity
resistance, torment resistance 1, petrification resistance
a: no special abilities


You were on level 2 of the Dungeon.
You visited 1 branch of the dungeon, and saw 2 of its levels.

You collected 40 gold pieces.


Innate Abilities, Weirdness & Mutations

You are immune to sickness and miasma.
Your stone body is resilient. (AC +2)
You are immune to poison.
You resist negative energy. (rN+)
You are resistant to electric shocks. (rElec)
You are resistant to unholy torment.
You are immune to petrification.


   Skills:
 - Level 2.1 Fighting
 + Level 4.7 Ranged Weapons
 - Level 1.5 Dodging
 - Level 1.1 Stealth


You had one spell level left.
You didn't know any spells.
Your spell library was empty.

Inventory:

Hand Weapons
 a - a +0 shortbow (weapon)
Armour
 c - a +0 leather armour (worn)
Scrolls
 b - a scroll of butterflies
 d - a scroll of noise {unknown}
 e - a scroll of fear {unknown}
 f - a scroll of enchant armour {unknown}
Potions
 g - a potion of lignification {unknown}

Dungeon Overview and Level Annotations

Branches:
Dungeon (1/15)

Altars:


Message History

The shaft crumbles and collapses.
A worm comes into view.
Waypoint 1 assigned to D:2.
You shoot an arrow.
The arrow hits the worm but does no damage.
You shoot an arrow. The arrow hits the worm.
The worm is moderately wounded.
You shoot an arrow. The arrow barely misses the worm.
The worm barely misses you.
You shoot an arrow.
The arrow hits the worm but does no damage.
The worm is lightly wounded.
The worm bites you.
You shoot an arrow.
The arrow hits the worm but does no damage.
The worm is lightly wounded.
The worm bites you.
You shoot an arrow. The arrow hits the worm.
The worm is moderately wounded.
You shoot an arrow.
The arrow hits the worm but does no damage.
The worm is moderately wounded.
The worm bites you.
You shoot an arrow. The arrow hits the worm.
The worm is heavily wounded.
The worm barely misses you.
You shoot an arrow. The arrow barely misses the worm.
You shoot an arrow. The arrow hits the worm.
The worm is severely wounded.
The worm completely misses you.
You shoot an arrow. The arrow hits the worm.
The worm is severely wounded.
The worm completely misses you.
You shoot an arrow. The arrow hits the worm.
The worm is severely wounded.
The worm bites you.
You shoot an arrow. The arrow barely misses the worm.
You shoot an arrow. The arrow hits the worm.
The worm is severely wounded.
The worm bites you.
You die...

### ..
###.### .....
#w.# #.@#
#..# #..#
#..# #..#
######..#
........#
##########.##
#...........#


You could see a worm.

Vanquished Creatures
  2 ball pythons (D:1)
  An endoplasm (D:1)
  2 giant cockroaches (D:1)
  2 goblins (D:1)
  A hobgoblin (D:1)
  A quokka (D:1)
  3 bats (D:1)
  A frilled lizard (D:1)
  A rat (D:1)
14 creatures vanquished.

Notes
Turn   | Place    | Note
-------+----------+-------------------------------------------
     0 | D:1      | qw the Gargoyle Hunter began the quest for the Orb.
     0 | D:1      | Reached XP level 1. HP: 12/12 MP: 1/1
     0 | D:1      | 0 ||| qw: Version: 0.3-a-83-gcd0e7d8
     0 | D:1      | 0 ||| qw: Game counter: 1433
     0 | D:1      | 0 ||| qw: Melee chars always use a shield: true
     0 | D:1      | 0 ||| qw: God list: Okawaru
     0 | D:1      | 0 ||| qw: Allow faded altars: false
     0 | D:1      | 0 ||| qw: Do Orc after clearing Dungeon:15 true
     0 | D:1      | 0 ||| qw: Do second Lair branch before Depths: true
     0 | D:1      | 0 ||| qw: Lair rune preference: random
     0 | D:1      | 0 ||| qw: Goals: Normal
     0 | D:1      | 0 ||| PLANNING D:1-11
     4 | D:1      | 4 ||| Stepping ~*~*~tactically~*~*~ (water).
    59 | D:1      | Reached XP level 2. HP: 17/17 MP: 2/2
   337 | D:1      | You fall into a shaft and drop 1 floor!
   363 | D:2      | HP: 1/17 [worm (6)]
   365 | D:2      | Slain by a worm

Levels and vault maps discovered:
D:1:      lightli_arrival_boilingwater, layout_rooms, minmay_tromino_v4_a
D:2:      layout_basic

Action                     || total
---------------------------++-------
   Fire: Shortbow          ||    55
 Armour: Leather armour    ||    19
  Dodge: Dodged            ||    17

Table legend:
 A = Non-vault XP
 B = Vault XP
 C = Vault XP percentage of total XP
 D = Non-vault monster count
 E = Vault monster count
 F = Vault count percentage of total count
                 A         B        C        D         E       F
            +---------+---------+-------+---------+---------+-------
      Total |      24 |       0 |   0.0 |      14 |       0 |   0.0
            +---------+---------+-------+---------+---------+-------
        D:1 |      24 |       0 |   0.0 |      14 |       0 |   0.0
            +---------+---------+-------+---------+---------+-------
